 Dungeon Crawl Stone Soup version 0.24-a0-581-gc0fa6600bf (webtiles) character file.

Game seed: 18137771535629492662

95 kmxkm the Digger (level 4, 0/19 HPs)
             Began as a Felid Earth Elementalist on Aug 24, 2019.
             Succumbed to a worker ant's poison
             ... on level 5 of the Dungeon.
             The game lasted 00:04:37 (2038 turns).

kmxkm the Digger (Felid Earth Elementalist)         Turns: 2038, Time: 00:04:37

Health: 0/19       AC:  1    Str:  5    XL:     4   Next: 39%
Magic:  1/9        EV: 19    Int: 16    God:
Gold:   45         SH:  0    Dex: 17    Spells: 5/8 levels left
                                        Lives:  0   Deaths: 1

rFire    . . .     SeeInvis +     - Unarmed
rCold    . . .     Gourm    .   (shield unavailable)
rNeg     . . .     Faith    .   (armour unavailable)
rPois    .         Spirit   .   (helmet unavailable)
rElec    .         Reflect  .   (cloak unavailable)
rCorr    .         Harm     .   (gloves unavailable)
MR       .....                  (boots unavailable)
Stlth    +++.......             (no amulet)
HPRegen  0.06/turn              (no ring)
MPRegen  0.11/turn              (no ring)

@: lethally poisoned (0 -> -7), quick
A: very small, no armour, no weapons or thrown items, stealth, claws 1, fangs 3,
see invisible, carnivore, speed 1, shaggy fur 1, slow metabolism 1, sharp paws
a: no special abilities


You were on level 5 of the Dungeon.
You were not hungry.

You visited 1 branch of the dungeon, and saw 5 of its levels.

You collected 45 gold pieces.

Inventory:

Missiles
 b - 38 stones
Jewellery
 d - a +3 ring of dexterity {unknown}
 j - an uncursed ring of protection from fire {unknown}
Scrolls
 a - a scroll of enchant weapon {unknown}
 f - 2 scrolls of enchant armour {unknown}
 g - a scroll of noise {unknown}
 i - a scroll of remove curse {unknown}
 k - a scroll of immolation {unknown}
Potions
 e - a potion of haste {unknown}
 h - a potion of lignification {unknown}
Comestibles
 c - 3 rations


   Skills:
 + Level 1.8 Fighting
 + Level 3.8 Dodging
 - Level 2.6 Stealth
 + Level 1.6 Unarmed Combat
 + Level 2.6 Spellcasting
 - Level 1.1 Transmutations
 * Level 3.8 Earth Magic


You had 5 spell levels left.
You knew the following spells:

 Your Spells              Type           Power        Failure   Level  Hunger
a - Sandblast             Erth           ##....       4%          1    #......
b - Passwall              Tmut/Erth      ##......     11%         2    ##.....

Your spell library contained the following spells:

 Spells                   Type           Power        Failure   Level  Hunger
 Stone Arrow              Conj/Erth      #.....       26%         3    ###....
 Petrify                  Tmut/Erth      ##......     56%         4    #####..
 Lee's Rapid Deconstruct  Erth           ##........   73%         5    ######.


Dungeon Overview and Level Annotations

Branches:
Dungeon (5/15)
 Temple: D:4-7

Altars:
Kikubaaqudgha
Wu Jian
The Shining One


Innate Abilities, Weirdness & Mutations

You cannot wear armour.
You are incapable of wielding weapons or throwing items.
Your paws allow you to move quietly. (Stealth)
You have sharp claws.
You have razor-sharp teeth.
You have supernaturally acute eyesight. (SInv)
You are carnivorous and can eat meat at any time.
You cover ground quickly.
You are covered in fur. (AC +1)
You have a slow metabolism.
Your sharp claws are effective at attacking unaware monsters.


Message History

You don't have enough magic to cast that spell.
Casting: Sandblast (safe; 4% risk of failure)
Confirm with . or Enter, or press ? or * to list all spells.
You don't have enough magic to cast that spell.
You scratch the phantom.
The phantom is lightly damaged.
The phantom hits you.
* * * LOW HITPOINT WARNING * * *
You barely miss the phantom.
The phantom is lightly damaged.
* * * LOW HITPOINT WARNING * * *
You feel sick. The phantom barely misses you.
You scratch the phantom.
The phantom is lightly damaged.
The phantom misses you.
You scratch the phantom.
The phantom is lightly damaged.
You scratch the phantom but do no damage.
The phantom is lightly damaged.
You die...

$ .. ...
...?
.[...
#.....###
#..aW@#
#######


You could see a phantom and a worker ant.

Vanquished Creatures
  A scorpion (D:5)
  A howler monkey (D:4)
  A worker ant (D:5)
  3 adders
  An adder skeleton (D:4)
  A dart slug (D:3)
  2 orcs
  A bat (D:3)
  A giant cockroach (D:2)
  2 goblins (D:2)
  4 hobgoblins
  2 jackals (D:3)
  2 kobolds
  4 frilled lizards
  3 rats
29 creatures vanquished.

Notes
Turn   | Place    | Note
-------+----------+-------------------------------------------
     0 | D:1      | kmxkm the Felid Earth Elementalist began the quest for the
                  | Orb.
     0 | D:1      | Reached XP level 1. HP: 7/7 MP: 4/4
   455 | D:2      | Reached XP level 2. HP: 7/12 MP: 0/6
   594 | D:2      | Learned a level 2 spell: Passwall
   993 | D:3      | Reached XP level 3. HP: 15/15 MP: 4/7
  1037 | D:3      | Found a glowing golden altar of the Shining One.
  1178 | D:2      | Reached skill level 1 in Fighting
  1181 | D:2      | Reached skill level 1 in Unarmed Combat
  1397 | D:4      | Reached XP level 4. HP: 19/19 MP: 4/8
  1595 | D:4      | Found an ornate altar of the Wu Jian Council.
  1611 | D:5      | Entered Level 5 of the Dungeon
  1631 | D:5      | Found an ancient bone altar of Kikubaaqudgha.
  1649 | D:5      | Reached XP level 5. HP: 7/22 MP: 0/9
  1999 | D:4      | Mangled by an iguana
  2000 | D:4      | Reached XP level 4. HP: -9/19 MP: 2/8
  2024 | D:5      | Noticed a phantom
  2038 | D:5      | Succumbed to a worker ant's poison

Levels and vault maps discovered:
D:1:      lemuel_arrival_tunnels, layout_basic
D:2:      layout_loops_ring, first_ration, minmay_hexomino_p4, uniq_robin,
          uniq_sigmund, uniq_natasha
D:3:      layout_loops_ring, nicolae_tso_swordbearing_angel,
          grunt_dithmenos_smoke, lemuel_round_altar, hangedman_feature_mirror
D:4:      layout_rooms, lemuel_crystal_altar, serial_shops, shop_fountains,
          serial_rivers, chequers_serial_rivers_micro_a,
          chequers_serial_rivers_small_b, chequers_serial_rivers_micro_c,
          chequers_serial_rivers_room_a, uniq_menkaure
D:5:      layout_basic, nicolae_gozag_seed_capital,
          lemuel_coloured_pillars_altar, serial_shops, shop_fountains,
          lexackson_kobold_supper, uniq_blork_the_orc

Skill      XL: |  1  2  3 |
---------------+----------+-----
Dodging        | 3 |  3.8
Earth Magic    | 3 |  3.8
Fighting       | 1 |  1.8
Unarmed Combat | 1 |  1.6
Stealth        | |  2.6
Spellcasting   | |  2.6
Transmutations | |  1.1

Action                   |  1- 3 |  4- 6 || total
-------------------------+-------+-------++-------
Melee: Unarmed           |    17 |    11 ||    28
       Bite              |     1 |       ||     1
 Cast: Sandblast         |    41 |    39 ||    80
  Use: Potion            |       |     1 ||     1
 Stab: Sleeping          |     3 |       ||     3
  Eat: Chunk             |     9 |     1 ||    10
Armor: Skin              |     1 |     1 ||     2
Dodge: Dodged            |    27 |    29 ||    56

Table legend:
 A = Non-vault XP
 B = Vault XP
 C = Vault XP percentage of total XP
 D = Non-vault monster count
 E = Vault monster count
 F = Vault count percentage of total count
                 A         B        C        D         E       F
            +---------+---------+-------+---------+---------+-------
      Total |     231 |       9 |   3.8 |      25 |       4 |  13.8
            +---------+---------+-------+---------+---------+-------
        D:1 |       9 |       0 |   0.0 |       5 |       0 |   0.0
        D:2 |      21 |       5 |  19.2 |       6 |       3 |  33.3
        D:3 |      24 |       4 |  14.3 |       7 |       1 |  12.5
        D:4 |      62 |       0 |   0.0 |       3 |       0 |   0.0
        D:5 |     115 |       0 |   0.0 |       4 |       0 |   0.0
            +---------+---------+-------+---------+---------+-------
